Map: Crimson Court LE

Players

HUMAN - Winner!

  • Race: Terran Terran
  • League: Gold
  • Spawn Location: 1:00

VOD

Have the link to the VOD?

Description

Time

  • Played on: April 16, 2024, 11:33 a.m.
  • Length: 17:36
Show
View Real Time Build Order
Export as new Build Order

HUMAN Terran - Winner!

Build Orders:  

Get SALT Encoding   

  12  0:01  SCV  
  13  0:20  SCV  
  13  0:26  Supply Depot  
  14  0:39  Refinery  
  14  0:40  SCV  
  15  0:59  Barracks  
  15  1:08  SCV  
  16  1:27  SCV, Refinery  
  17  1:44  SCV  
  18  2:01  SCV  
  18  2:08  Supply Depot  
  20  2:11  Reaper  
  20  2:18  Orbital Command  
  20  2:31  Factory  
  20  2:56  SCV  
  21  3:01  Barracks Tech Lab  
  21  3:13  SCV  
  22  3:30  SCV  
  22  3:32  Factory Reactor  
  22  3:34  Starport  
  22  3:35  Stimpack  
  22  3:36  Marine  
  24  3:57  Unknown  
  24  4:01  Marine  
  24  4:07  Command Center  
  25  4:13  SCV  
  25  4:14  Barracks  
  26  4:29  Starport Tech Lab  
  26  4:31  SCV  
  26  4:37  Supply Depot  
  27  4:48  SCV  
  28  4:52  Barracks  
  28  4:59  Marine  
  29  5:05  SCV  
  29  5:07  Factory Tech Lab  
  30  5:22  SCV  
  31  5:33  Siege Tank  
  31  5:37  Marine  
  35  5:52  SCV  
  35  5:53  Engineering Bay  
  35  5:54  Engineering Bay  
  35  5:55  Orbital Command  
  36  6:02  Marine  
  36  6:03  Barracks Reactor  
  36  6:06  Marine x2  
  39  6:16  SCV  
  40  6:23  Unknown  
  40  6:26  Supply Depot  
  40  6:33  SCV  
  40  6:34  SCV  
  40  6:37  Marine x2  
  44  6:50  SCV  
  44  6:51  SCV  
  44  6:59  Marine x3  
  49  7:02  Terran Infantry Weapons Level 1, Terran Infantry Armor Level 1  
  49  7:05  Unknown  
  49  7:13  SCV x2  
  51  7:29  Supply Depot  
  51  7:30  SCV x2  
  51  7:33  Marine x4  
  51  7:34  Marine  
  58  7:47  SCV x2  
  60  7:59  Siege Tank  
  63  8:03  Supply Depot  
  63  8:06  SCV x2  
  65  8:12  Command Center, Marine x2  
  65  8:13  Marine  
  68  8:21  Raven, Refinery  
  68  8:22  SCV  
  68  8:23  SCV  
  68  8:24  Refinery  
  70  8:33  Marine x2  
  70  8:36  Supply Depot  
  74  8:46  SCV x2  
  76  9:03  SCV x2  
  76  9:05  Marine x2  
  76  9:06  Marine x3  
  76  9:09  Raven, Unknown, Supply Depot  
  83  9:15  Siege Tank  
  88  9:30  Marine x3  
  88  9:31  Marine x2  
  88  9:36  SCV  
  88  9:39  SCV  
  95  9:42  Supply Depot  
  95  9:53  SCV  
  95  9:55  Marine x2  
  95  9:56  Marine x2, SCV  
  95  9:57  Marine  
  95  9:59  SCV  
  103  10:00  Siege Tank  
  106  10:10  SCV  
  106  10:13  SCV  
  108  10:20  Marine x2  
  108  10:21  Marine  
  108  10:24  Orbital Command  
  108  10:27  SCV  
  112  10:30  SCV  
  112  10:39  Siege Tank  
  113  10:44  SCV, Supply Depot  
  113  10:45  Siege Tank  
  117  11:00  Orbital Command  
  117  11:19  Supply Depot  
  116  11:55  Sensor Tower  
  116  11:59  SCV x3  
  119  12:01  Refinery  
  119  12:02  Marine  
  119  12:03  Hellion, Marine x4  
  119  12:04  Refinery  
  126  12:12  Starport  
  126  12:13  Starport  
  126  12:16  SCV  
  126  12:17  Fusion Core  
  126  12:19  Armory  
  127  12:22  Missile Turret, Armory  
  127  12:26  Raven, Armory  
  127  12:27  Marine  
  127  12:28  Marine x4  
  132  12:33  Siege Tank  
  137  12:52  Marine  
  137  12:53  Marauder, Marine x2  
  137  12:58  SCV x3  
  145  13:13  Command Center  
  145  13:15  SCV x3  
  148  13:26  Siege Tank, Marauder  
  153  13:32  SCV x2  
  153  13:38  Supply Depot  
  155  13:46  Marine, Supply Depot  
  155  13:47  Marine x3  
  159  13:52  Starport Reactor x2  
  159  13:53  Supply Depot  
  159  13:56  Marine  
  159  13:57  Supply Depot  
  159  13:59  Terran Vehicle Weapons Level 1, Terran Vehicle And Ship Armor Level 1  
  160  14:11  Siege Tank  
  178  14:54  Orbital Command  
  178  14:56  Siege Tank  
  181  15:09  Marine x5  
  186  15:34  Marine x5  
  186  15:35  Orbital Command  
  191  15:41  Siege Tank  
  191  15:42  Unknown  
  191  15:47  Unknown x3  
  191  15:48  Unknown x2  
  194  15:58  Marine  
  194  16:26  Siege Tank  
  194  16:29  Refinery  
  197  16:32  Refinery  
  197  16:33  Sensor Tower  
  197  16:36  Missile Turret  
  197  16:50  SCV  
  197  16:51  SCV x2  
  197  16:53  Factory  
  197  16:54  Factory  
  197  16:56  Factory  
Tags
 
Add a new tag
Caveats
  • Supply blocks, unpowered buildings, or Contaminate may cause inaccurate times.
  • Supply counts are checked every 10 seconds.